 Dungeon Crawl Stone Soup version 0.28-a0-1374-ga75cb3825e (webtiles) character file.

Game seed: 7592759297843532515

9 esteth the Digger (level 2, -1/15 HPs)
             Began as a Gargoyle Earth Elementalist on Dec 31, 2021.
             Slain by a goblin (2 damage)
             ... on level 1 of the Dungeon.
             The game lasted 00:01:18 (107 turns).

esteth the Digger (Gargoyle Earth Elementalist)      Turns: 107, Time: 00:01:19

Health: -1/15      AC:  4    Str: 11    XL:     2   Next: 12%
Magic:  0/5        EV: 11    Int: 15    God:
Gold:   0          SH:  0    Dex: 10    Spells: 4/5 levels left

rFire   . . .      SeeInvis .   (no weapon)
rCold   . . .      Faith    .   (no shield)
rNeg    + . .      Spirit   .   b - +0 robe
rPois   ∞          Reflect  .   (no helmet)
rElec   +          Harm     .   (no cloak)
rCorr   .          Rampage  .   (no gloves)
Will    .....                   (no boots)
Stlth   ++........              (no amulet)
HPRegen 0.05/turn               (no ring)
MPRegen 0.09/turn               (no ring)

@: no status effects
A: sickness immunity, AC +2, negative energy resistance 1, electricity
resistance, torment resistance 1, petrification resistance
a: no special abilities


You were on level 1 of the Dungeon.
You visited 1 branch of the dungeon, and saw 1 of its levels.

Inventory:

Missiles
 c - 20 stones (quivered)
Armour
 b - a +0 robe (worn)


   Skills:
 - Level 1.5 Dodging
 - Level 2.1 Stealth
 + Level 2.3 Spellcasting
 - Level 0.7 Transmutations
 + Level 4.0 Earth Magic


You had 4 spell levels left.
You knew the following spells:

 Your Spells              Type           Power      Damage    Failure   Level
a - Sandblast             Erth           26%        2d8       4%          1

Your spell library contained the following spells:

 Spells                   Type           Power      Damage    Failure   Level
 Passwall                 Tmut/Erth      6%         N/A       12%         2
 Stone Arrow              Conj/Erth      14%        3d7       28%         3
 Ignite Poison            Fire/Tmut/Pois 2%         N/A       52%         3
 Conjure Flame            Conj/Fire      1%         6-21      54%         3
 Petrify                  Tmut/Erth      8%         N/A       63%         4
 Sticky Flame             Conj/Fire      1%         2d3       91%         4


Dungeon Overview and Level Annotations

Branches:
Dungeon (1/15)

Altars:


Innate Abilities, Weirdness & Mutations

You are immune to sickness and miasma.
Your stone body is resilient. (AC +2)
You are immune to poison.
You resist negative energy. (rN+)
You are resistant to electric shocks. (rElec)
You are resistant to unholy torment.
You are immune to petrification.


Message History

A goblin comes into view. It is wielding a +0 club.
The jackal misses you.
Casting: Sandblast (safe; 4% risk of failure)
Confirm with . or Enter, or press ? or * to list all spells.
Aiming: Sandblast (safe; 4% risk of failure)
Press: ? - help, Shift-Dir - straight line, f/p - hobgoblin
Aim: a hobgoblin (79% to hit)
The blast of sand hits the jackal.
You kill the jackal!
c - 21 stones You aren't carrying any scrolls.
You aren't carrying any potions.
Okay, then.
Found a robe.
The goblin shouts!
You hear a shout!
You hear an angry hiss.
The goblin hits you with a +0 club.
* * * LOW HITPOINT WARNING * * *
A kobold comes into view. It is wielding a +0 dagger.
The goblin closely misses you.
You completely miss the frilled lizard. The goblin hits you but does no damage.
The frilled lizard completely misses you.
Casting: Sandblast (safe; 4% risk of failure)
Confirm with . or Enter, or press ? or * to list all spells.
Aiming: Sandblast (safe; 4% risk of failure)
Press: ? - help, Shift-Dir - straight line, f - frilled lizard, p - hobgoblin
Aim: a frilled lizard (66% to hit)
The blast of sand misses the frilled lizard.
c - 20 stones The goblin closely misses you.
The frilled lizard barely misses you.
You hit the frilled lizard but do no damage.
The hobgoblin barely misses you. The goblin hits you with a +0 club.
* * * LOW HITPOINT WARNING * * *
The frilled lizard bites you but does no damage.
Casting: Sandblast (safe; 4% risk of failure)
Confirm with . or Enter, or press ? or * to list all spells.
You don't have enough magic to cast this spell.
You barely miss the frilled lizard. The hobgoblin hits you.
* * * LOW HITPOINT WARNING * * *
The goblin hits you with a +0 club.
You die...

#. .# #. #.#
###.##.##
#.......
#......#
#......# .
#.....K# ...
#...Bhg###.....
#.##.#g@l......
#g#####.####
#h# #.# #l# .#
#B# #.# .# #.#
#.# .# #.# #.#
.####. #.# #.#
#####...... #.#
#.# #........ .


You could see a jackal, a giant cockroach, a hobgoblin, a goblin, a kobold and a
frilled lizard.

Vanquished Creatures
  6 jackals (D:1)
  A bat (D:1)
7 creatures vanquished.

Notes
Turn   | Place    | Note
-------+----------+-------------------------------------------
     0 | D:1      | esteth the Gargoyle Earth Elementalist began the quest for
                  | the Orb.
     0 | D:1      | Reached XP level 1. HP: 10/10 MP: 3/3
    59 | D:1      | Reached XP level 2. HP: 10/15 MP: 0/5
    80 | D:1      | Reached skill level 4 in Earth Magic
   107 | D:1      | Slain by a goblin

Illustrated notes

Levels and vault maps discovered:
D:1:      minmay_arrival_arboretum_small, layout_loops_ring

Skill      XL: |  1  2 |
---------------+-------+-----
Earth Magic    | 4 |  4.0
Dodging        | |  1.5
Stealth        | |  2.1
Spellcasting   | |  2.3
Transmutations | |  0.7

Action                   || total
-------------------------++-------
Melee: Unarmed           ||    17
 Cast: Sandblast         ||    10
Armor: Robe              ||    15
Dodge: Dodged            ||    36

Table legend: (Time is in decaauts)
 A = Elapsed time spent in this place.
 B = Non-inter-level travel time spent in this place.
 C = Inter-level travel time spent in this place.
 D = Time resting spent in this place.
 E = Time spent auto-exploring this place.
 F = Levels seen in this place.
 G = Mean time per level.
                   A        B        C        D        E       F      G
               +--------+--------+--------+--------+--------+-----+--------+
         Total |    107 |    107 |      0 |      0 |      6 |   1 |  107.0 |
       Dungeon |    107 |    107 |      0 |      0 |      6 |   1 |  107.0 |
               +--------+--------+--------+--------+--------+-----+--------+

Top non-repeatable levels by time:
     D:1: 107 daAuts
